Unix NetHack Version 5.0.0-0 post-release - last build May 10 2026 23:12:36 (d1fa5d53e341ca933230fdaa984d921c805b60aa,branch:main).

Game began 2026-05-15 18:10:48, ended 2026-05-15 22:32:34.

Drastanta, lawful male human Samurai

    ------
    |....|
  ---.--.--
  |..%....|       --.
  ---....-----   --..|
    ----..|..-- --..-
       --...@.---..--
        |.)....)..--
        ----T.-----                  ...
         |...--                      .....
        --..--    -----------.  ..........
       --..--.-----.....%..|..............
       |..--........-----..........*%.%...
       |......-------   |--..........%)*..
       |.......|        |.................
       ---------        ----.......-------
                           |.......|
                           ---------
Drastanta the Joshu    St:15 Dx:16 Co:18 In:11 Wi:9 Ch:6  Lawful
Dlvl:11 $:278 HP:0(91) Pw:43(43) AC:4  Xp:10 T:11099 

Latest messages:
 A ranseur misses you.
 You kill the troll!
 You hit the gnome lord!
 You kill the gnome lord!
 You see here a fortune cookie.
 You see here a fortune cookie.
 i - a fortune cookie.
 It is missed.
 A dagger misses you.
 You kill the gnomish wizard!
 The gnome wields 3 daggers!
 You kill the gnome!
 You see here 3 daggers.
 You see here 3 daggers.
 You see here a statue of a Mordor orc.
 The statue comes to life!
 You hit the Mordor orc!
 The Mordor orc misses!
 You kill the Mordor orc!
 You see here a Mordor orc corpse.
 The troll wields a ranseur!
 Your candle is getting short.
 You hit the troll!
 The troll bashes with her ranseur.
 The troll hits!
 The troll hits!
 The troll bites!
 You hit the troll!
 The troll bashes with her ranseur.
 The troll hits!
 The troll hits!
 The troll bites!
 You hit the troll!
 The troll bashes with her ranseur.
 The troll hits!
 The troll hits!
 The troll bites!
 The troll thrusts a ranseur.
 You are hit by a ranseur!
 You hear the howling of the CwnAnnwn...
 The troll thrusts a ranseur.
 A ranseur misses you.
 The troll thrusts a ranseur.
 You are hit by a ranseur.
 You die...
 Do you want your possessions identified? [ynq] (y) y
 Do you want to see your attributes? [ynq] (y) y
 Do you want an account of creatures vanquished? [ynaq] (y) y
 Do you want to see your conduct and achievements? [ynq] (y) y
 Do you want to see the dungeon overview? [ynq] (y) y

Inventory:
 Coins    ('$')
  $ - 278 gold pieces
 Weapons  (')')
  d - 19 +0 ya (in quiver)
  c - a +0 yumi (alternate weapon; not wielded)
  k - the blessed rustproof +0 Excalibur (weapon in right hand)
  a - a +0 katana
 Armor    ('[')
  F - an uncursed +0 pair of kicking boots (being worn)
  u - an uncursed +0 cloak of invisibility
  Q - a blessed +0 elven mithril-coat (being worn)
 Comestibles  ('%')
  r - an uncursed slime mold
  P - an uncursed carrot
  v - a cursed clove of garlic
  J - 2 uncursed cream pies
  i - an uncursed fortune cookie
  w - 2 cursed gunyoki
  x - a cursed sprig of wolfsbane
  M - 4 uncursed tripe rations
  W - an uncursed lizard corpse
 Scrolls  ('?')
  n - an uncursed scroll of earth
  b - a cursed scroll of earth
  s - a cursed scroll of gold detection
  f - a cursed scroll of identify
 Potions  ('!')
  y - an uncursed potion of extra healing
 Rings    ('=')
  g - an uncursed ring of conflict
  O - an uncursed ring of conflict
  G - a cursed -1 ring of gain constitution
  N - a cursed ring of hunger
  D - an uncursed ring of levitation
  o - a cursed ring of polymorph
  e - an uncursed ring of shock resistance
  H - an uncursed ring of teleport control
 Wands    ('/')
  V - a wand of create monster (0:10)
  E - a wand of death (0:4)
  B - a cursed wand of digging (0:3)
  l - a wand of fire (0:2)
  X - a wand of locking named Nm (0:5)
  S - a wand of magic missile (0:3)
  z - a cursed wand of make invisible (0:7)
  I - a wand of polymorph (0:4)
  T - a wand of probing (0:5)
  h - a wand of sleep (0:5)
  C - a wand of striking (0:4)
 Tools    ('(')
  m - an uncursed blindfold
  j - an uncursed credit card
  K - a cursed magic marker (0:93)
  A - an uncursed skeleton key
  q - a +0 unicorn horn
  L - an uncursed partly used wax candle (lit)

Drastanta the Samurai's attributes:

Background:
 You were a Joshu, a level 10 male human Samurai.
 You were lawful, on a mission for Amaterasu Omikami
 who was opposed by Raijin (neutral) and Susanowo (chaotic).
 You were right-handed.
 You were in the Gnomish Mines, on level 11.
 You entered the dungeon 11099 turns ago.
 It was nighttime.
 You had 5263 experience points, 4737 more were needed to attain level 11.

Basics:
 You had 0 out of 91 hit points.
 You had all 43 energy points (spell power).
 Your armor class was 4.
 Your wallet contained 278 zorkmids.
 Autopickup was off.

Final Characteristics:
 Your strength was 15 (peak:16, limit:18/100).
 Your dexterity was 16 (peak:17, limit:18).
 Your constitution was 18 (limit:18).
 Your intelligence was 11 (limit:18).
 Your wisdom was 9 (limit:18).
 Your charisma was 6 (limit:18).

Final Status:
 You weren't hungry.
 You were unencumbered.
 You were wielding a long sword.
 You had expert skill with long sword.

Final Attributes:
 You were piously aligned.
 You were level-drain resistant.
 You were telepathic.
 You had automatic searching.
 You were guarded.
 You were fast.
 You are dead.

Miscellaneous:
 You encountered 2 bones levels.
 Total elapsed playing time was 3 hours, 20 minutes and 20 seconds.

Major events:
 Turn
    1: Drastanta the lawful male human Samurai entered the dungeon
  250: entered the Gnomish Mines
  535: attained the rank of Ronin (level 3)
  866: reached Mine Town
 1315: attained the rank of Ninja (level 6)
 2992: was given Excalibur by the Lady of the Lake
 6243: entered the Bigroom
 6294: entered Sokoban
 6694: completed 1st Sokoban level
 7291: completed 2nd Sokoban level
 7751: completed 3rd Sokoban level
11002: attained the rank of Joshu (level 10)
11099: killed by a ranseur

You didn't know any spells.

Skills:
 Fighting Skills
   martial arts      [Basic]
   two weapon combat [Unskilled]
   riding            [Unskilled]
 Weapon Skills
   dagger            [Unskilled]
   knife             [Unskilled]
   short sword       [Basic]
   broadsword        [Unskilled]
   long sword        [Expert]
   two-handed sword  [Unskilled]
   saber             [Unskilled]
   flail             [Unskilled]
   quarterstaff      [Unskilled]
   polearms          [Unskilled]
   spear             [Unskilled]
   lance             [Unskilled]
   bow               [Basic]
   shuriken          [Unskilled]
 Spellcasting Skills
   attack spells     [Unskilled]
   divination spells [Unskilled]
   clerical spells   [Unskilled]

Voluntary challenges:
 Character rerolling was not enabled.
 You never genocided any monsters.
 You never polymorphed an object.
 You never changed form.
 You used no wishes.
 You did not violate any of the special Sokoban rules.
Achievements:
 You entered the Gnomish Mines.
 You entered a shop.
 You attained the rank of Ronin.
 You entered Minetown.
 You attained the rank of Ninja.
 You entered a temple.
 You entered the Big Room.
 You entered Sokoban.
 You attained the rank of Joshu.

 The Dungeons of Doom: levels 1 to 11
    Level 1:
       A fountain, a grave.
    Level 2:
       A general store.
       Stairs down to The Gnomish Mines.
    Level 3:
       A fountain.
    Level 4:
       An armor shop, a fountain.
    Level 5:
       An armor shop, a fountain.
    Level 6:
       A fountain.
    Level 7:
       A general store, a sink, a grave.
    Level 8:
       Some fountains, a sink, some graves.
       Final resting place for
          Ackbladder-Pri-Hum-Mal-Neu, killed by an owlbear.
    Level 9:
       Final resting place for
          DaveT-Pri-Hum-Mal-Law, killed by a human mummy of Nestorix,
          Nestorix-Arc-Hum-Fem-Law, killed by a kobold mummy.
    Level 10:
       A fountain.
       Stairs up to Sokoban, level 9.
    Level 11:
       A very big room.
 The Gnomish Mines: levels 3 to 11
    Level 3:
    Level 4:
    Level 5:
    Level 6:
       A lighting shop, a temple and an altar, many fountains.
    Level 7:
    Level 8:
    Level 9:
    Level 10:
    Level 11: <- You were here.
       Final resting place for
          you, killed by a ranseur.
 Sokoban: levels 9 up to 6
    Level 6:
       Unsolved.
    Level 7:
       Solved.
    Level 8:
       Solved.
    Level 9:
       Solved.


Vanquished creatures:
  a ghost
  a giant mimic
  a long worm
  a zruty
  3 small mimics
  a warhorse
  a xan
  2 trolls
  a large dog
  a large cat
  a gargoyle
  a human mummy
  a wraith
  2 ettin zombies
  a chameleon
  a cockatrice
  3 wolves
  a spotted jelly
  2 iron piercers
  4 giant spiders
  a horse
 an ice vortex
  a black light
  a gnome ruler
 an orc mummy
  2 owlbears
  a werewolf
  4 lizards
  a dog
  a housecat
  a jaguar
  a gray unicorn
  a dust vortex
  a raven
  2 snakes
  3 apes
  a rope golem
  a Woodland-elf
  a bugbear
  a Mordor orc
  3 rock piercers
  3 ponies
  a fog cloud
  4 yellow lights
  2 shriekers
  a violet fungus
 15 gnome leaders
  7 gnomish wizards
 an elf zombie
  a ghoul
  a straw golem
  3 paper golems
  5 giant ants
  2 little dogs
  5 floating eyes
  a kitten
  6 dwarves
  a homunculus
 32 hill orcs
  6 rothes
  3 giant bats
  a dwarf zombie
  3 werejackals
  4 iguanas
  5 killer bees
  4 coyotes
  2 gas spores
  a hobbit
  2 large kobolds
  2 hobgoblins
  5 giant rats
  2 cave spiders
  2 brown molds
 73 gnomes
  4 geckos
 18 jackals
  4 foxes
  3 kobolds
  2 goblins
  3 sewer rats
  3 grid bugs
  a bat
  2 lichens
  7 newts
313 creatures vanquished.

No species were genocided or became extinct.

Game over:
                       ----------
                      /          \
                     /    REST    \
                    /      IN      \
                   /     PEACE      \
                  /                  \
                  |    Drastanta     |
                  |      278 Au      |
                  |   killed by a    |
                  |     ranseur      |
                  |                  |
                  |                  |
                  |       2026       |
                 *|     *  *  *      | *
        _________)/\\_//(\/(/\)/\//\/|_)_______

Sayonara Drastanta the Samurai...

You died in The Gnomish Mines on dungeon level 11 with 21823 points,
and 278 pieces of gold, after 11099 moves.
You were level 10 with a maximum of 91 hit points when you died.

